 Dungeon Crawl Stone Soup version 0.27-a0-277-g024f7ef292 (webtiles) character file.

Game seed: 8447978218507181549

414 frogmouthbird the Chopper (level 6, -14/57 HPs)
             Began as a Hill Orc Fighter on Feb 6, 2021.
             Demolished by an orc wizard
             ... wielding a +1 dagger of electrocution
              (16 damage)
             ... on level 4 of the Dungeon.
             The game lasted 00:05:24 (3764 turns).

frogmouthbird the Chopper (Hill Orc Fighter)        Turns: 3764, Time: 00:05:25

Health: -14/57     AC:  8    Str: 21    XL:     6   Next: 91%
Magic:  6/6        EV:  7    Int:  8    God:
Gold:   274        SH:  0    Dex: 10    Spells: 5/5 levels left

rFire    . . .     SeeInvis .   a - +0 war axe
rCold    . . .     Faith    .   c - +0 kite shield
rNeg     . . .     Spirit   .   b - +0 scale mail
rPois    .         Reflect  .   g - +0 helmet
rElec    .         Harm     .   (no cloak)
rCorr    .         Rampage  .   (no gloves)
Will     .....                  (no boots)
Stlth    ..........             (no amulet)
HPRegen  0.19/turn              (no ring)
MPRegen  0.10/turn              (no ring)

@: confused
A: no striking features
a: Convert to Beogh


You were on level 4 of the Dungeon.
You visited 1 branch of the dungeon, and saw 4 of its levels.

You collected 274 gold pieces.

Inventory:

Hand Weapons
 a - a +0 war axe (weapon)
Armour
 b - a +0 scale mail (worn)
 c - a +0 kite shield (worn)
 g - a +0 helmet (worn)
 i - a +1 leather armour of willpower
Wands
 k - a wand of random effects (5)
Scrolls
 h - a scroll of fog
 j - 3 scrolls of identify
 o - a scroll of enchant weapon {unknown}
 p - a scroll of teleportation
Potions
 d - 2 potions of might
 e - a potion of mutation
 f - a potion of attraction
 l - 2 potions of heal wounds
 m - 2 potions of cancellation {unknown}
 n - a potion of brilliance {unknown}


   Skills:
 + Level 5.8 Fighting
 * Level 7.9 Axes
 - Level 3.2 Armour
 - Level 3.2 Shields


You had 5 spell levels left.
You didn't know any spells.
Your spell library was empty.

Dungeon Overview and Level Annotations

Branches:
Dungeon (4/15)
 Temple: D:4-7

Altars:
Fedhas
Gozag
Beogh

Annotations:
D:4 3 runed translucent doors, jasper's ghost, amateur SpEn


Message History

Press: ? - help, Shift-Dir - straight line, f - orc
Aim: an orc, wearing a +0 chain mail The orc priest threatens, "By the altar or by the axe, you will meet Beogh!"
You miss something.
You hear some strange, mumbled words.
You are confused.
Something hits you but does no damage.
You barely miss something. Something hits you but does no damage.
You are electrocuted!
You barely miss something. Something hits you but does no damage.
You bump into the stone wall.
Something hits you but does no damage.
You are electrocuted!!
* * * LOW HITPOINT WARNING * * *
The orc priest invokes the aid of Beogh against you.
Beogh smites you!
* * * LOW HITPOINT WARNING * * *
You slash something!
An orc wizard comes into view. It is wielding a +0 dagger.
Something hits you but does no damage. x2; You are electrocuted!
You die...

#..... ##...#. ####..#...
#.....#.## ###.#.......
#####..........#
#...............
##########........###.###
#...ooo.@.........# #.#..
#.#o######.......####..>.
........###(.....
..##..##..#........ ##
..####.......... ..##
.......... #.. ..........
#.. ........ ........


You could see an orc priest, an orc wizard (wandering) and 2 orcs.

Vanquished Creatures
  Terence (D:2)
  A bullfrog skeleton (D:4)
  Natasha (thrice) (D:2)
  An orc wizard (D:4)
  Robin (D:2)
  5 gnolls
  10 adders
  3 oozes
  3 worms
  2 dart slugs (D:2)
  4 leopard geckos
  5 orcs (D:4)
  7 bats
  5 giant cockroaches
  11 goblins
  10 hobgoblins
  2 jackals (D:1)
  6 kobolds
  A quokka (D:3)
  3 frilled lizards
  A quokka skeleton (D:4)
  4 rats
89 creatures vanquished.

Notes
Turn   | Place    | Note
-------+----------+-------------------------------------------
     0 | D:1      | frogmouthbird the Hill Orc Fighter began the quest for the
                  | Orb.
     0 | D:1      | Reached XP level 1. HP: 19/19 MP: 1/1
    41 | D:1      | Reached skill level 3 in Axes
    81 | D:1      | Reached XP level 2. HP: 20/27 MP: 2/2
   227 | D:1      | Reached skill level 4 in Axes
   265 | D:1      | Reached XP level 3. HP: 30/33 MP: 3/3
   799 | D:2      | Noticed Natasha
   806 | D:2      | Reached XP level 4. HP: 16/41 MP: 4/4
   809 | D:2      | Killed Natasha
   810 | D:2      | Reached skill level 5 in Axes
  1133 | D:2      | Noticed Natasha
  1140 | D:2      | Killed Natasha
  1141 | D:2      | Reached XP level 5. HP: 30/47 MP: 5/5
  1245 | D:2      | Noticed Natasha
  1253 | D:2      | Killed Natasha
  1254 | D:2      | Reached skill level 6 in Axes
  1547 | D:2      | Reached skill level 5 in Fighting
  1828 | D:2      | Noticed Terence
  1833 | D:2      | Killed Terence
  1905 | D:2      | Found an opulent altar of Gozag.
  2054 | D:2      | Noticed Robin
  2062 | D:2      | Killed Robin
  2063 | D:2      | Reached XP level 6. HP: 56/56 MP: 6/6
  2285 | D:3      | Reached skill level 7 in Axes
  3397 | D:4      | Found a runed translucent gate.
  3398 | D:4      | Identified the cursed +0 mace of the Shouting Fool {vorpal,
                  | rF+ rC+ Dex+2}
  3559 | D:4      | Found a blossoming altar of Fedhas.
  3682 | D:4      | Found a runed translucent gate.
  3682 | D:4      | Found a runed translucent gate.
  3695 | D:4      | Found a roughly hewn altar of Beogh.
  3696 | D:4      | Noticed jasper's ghost (amateur SpEn)
  3762 | D:4      | HP: 2/57 [orc priest/divine providence (13)]
  3764 | D:4      | Demolished by an orc wizard

Illustrated notes

Levels and vault maps discovered:
D:1:      lightli_arrival_statue_moat, layout_rooms
D:2:      layout_loops_ring, grunt_gozag_statues, uniq_natasha, uniq_terence,
          uniq_robin
D:3:      layout_loops_corners
D:4:      layout_rooms, biasface_ghost_orc_armoury, st_stairs_4,
          palyth_stone_intersect, fedhas_ov_isle_minmay

Skill      XL: |  1  2  3  4  5  6 |
---------------+-------------------+-----
Axes           | 3 4 5 6 7 |  7.9
Fighting       | 4 5 |  5.8
Armour         | |  3.2
Shields        | |  3.2

Action                   |  1- 3 |  4- 6 || total
-------------------------+-------+-------++-------
Melee: War axe           |    73 |   171 ||   244
Evoke: Wand              |       |     4 ||     4
  Use: Scroll            |     1 |     8 ||     9
       Potion            |       |     2 ||     2
Armor: Scale mail        |    44 |    80 ||   124
Dodge: Dodged            |    30 |    51 ||    81
Block: Kite shield       |    60 |    93 ||   153

Table legend: (Time is in decaauts)
 A = Elapsed time spent in this place.
 B = Non-inter-level travel time spent in this place.
 C = Inter-level travel time spent in this place.
 D = Time resting spent in this place.
 E = Time spent auto-exploring this place.
 F = Levels seen in this place.
 G = Mean time per level.
                   A        B        C        D        E       F      G
               +--------+--------+--------+--------+--------+-----+--------+
         Total |   3883 |   3781 |    102 |    962 |   2192 |   4 |  970.8 |
       Dungeon |   3883 |   3781 |    102 |    962 |   2192 |   4 |  970.8 |
               +--------+--------+--------+--------+--------+-----+--------+

Top non-repeatable levels by time:
     D:1: 1202 daAuts
     D:2: 1143 daAuts
     D:3: 1101 daAuts
     D:4: 435 daAuts
